 Dungeon Crawl Stone Soup version 0.17.1-2-g5865329 (webtiles) character file.

51 Mysteryquy the Grave Robber (level 3, -8/24 HPs)
             Began as a Mummy Necromancer on Jan 11, 2016.
             Splashed by a jelly's acid (9 damage)
             ... on level 2 of the Dungeon.
             The game lasted 00:02:21 (1645 turns).

Mysteryquy the Grave Robber (Mummy Necromancer)     Turns: 1645, Time: 00:02:21

Health: -8/24      AC: -4    Str: 11    XL:     3   Next: 57%
Magic:  0/7        EV: 12    Int: 15    God:
Gold:   106        SH:  0    Dex: 12    Spells: 1 memorised, 6 levels left

rFire  x . .     SeeInvis .     (no weapon)
rCold  + . .     Clarity  .     a - +0 robe
rNeg   + + +     SustAt   .     (no shield)
rPois  ∞         Gourm    .     (no helmet)
rElec  .         Spirit   .     i - +0 cloak
rCorr  .         Warding  .     k - +0 pair of gloves
rMut   .         Stasis   .     (no boots)
MR     .....                    (no amulet)
Stlth  ++........               (no ring)
                                (no ring)

@: corroded equipment, very slightly contaminated, not resistant to hostile
enchantments, unstealthy
A: no food or potions, fire vulnerability, cold resistance 1, negative energy
resistance 3, torment resistance, unbreathing
a: no special abilities


You were on level 2 of the Dungeon.
You were not hungry.

You visited 1 branch of the dungeon, and saw 2 of its levels.

You collected 106 gold pieces.

Inventory:

Armour
 a - a +0 robe (worn)
 i - a +0 cloak (worn)
 k - a +0 pair of gloves (worn)
Jewellery
 d - an uncursed ring of magical power {unknown}
 j - a cursed -4 ring of slaying {unknown}
Scrolls
 c - 2 scrolls of identify {unknown}
 e - 2 scrolls of fear {unknown}
 f - 2 scrolls of random uselessness {unknown}
 g - 2 scrolls of remove curse {unknown}
 h - a scroll of enchant weapon {unknown}
 l - a scroll of immolation {unknown}
Books
 b - a book of Necromancy

   Spells                             Type                      Level
   a - Pain                           Necromancy                   1
   b - Animate Skeleton               Necromancy                   1
   c - Vampiric Draining              Necromancy                   3
   d - Regeneration                   Charms/Necromancy            3
   e - Animate Dead                   Necromancy                   4
   f - Control Undead                 Necromancy                   4


   Skills:
 + Level 1.7 Dodging
 + Level 1.7 Stealth
 + Level 2.6 Spellcasting
 + Level 4.7 Necromancy


You had 6 spell levels left.
You knew the following spells:

 Your Spells              Type           Power        Failure   Level  Hunger
a - Pain                  Necr           ###.         3%          1    N/A

Dungeon Overview and Level Annotations

Branches:
Dungeon (2/15)

Altars:


Innate Abilities, Weirdness & Mutations

You do not eat or drink.
Your flesh is vulnerable to fire.
You are immune to poison.
Your flesh is cold resistant.
You are immune to negative energy.
You are immune to unholy pain and torment.
You can survive without breathing.


Message History

The jelly convulses in agony!
The jelly hits you.
You are splashed with acid!
The acid corrodes you!
The acid burns!
* * * LOW HITPOINT WARNING * * *
A jelly is nearby!
Casting: Pain
Confirm with . or Enter, or press ? or * to list all spells.
Aiming: Pain
Press: ? - help, Shift-Dir - straight line, f/p - jelly
Aim: a jelly (heavily wounded, chance to defeat MR: 81%)
The jelly convulses in agony!
The jelly closely misses you.
A jelly is nearby!
Casting: Pain
Confirm with . or Enter, or press ? or * to list all spells.
Aiming: Pain
Press: ? - help, Shift-Dir - straight line, f/p - jelly
Aim: a jelly (severely wounded, chance to defeat MR: 81%)
The jelly barely resists.
The jelly hits you.
* * * LOW HITPOINT WARNING * * *
You are splashed with acid!
The acid corrodes you!
The acid burns!
You die...

#.##.# #.. #.##.#
.....# #.##.# ######
#.##.# # ###.##!# #
#....#.# #.#..#.#
#.#..#.#######
#.#..#...@J..# #
#.##########.#######
#
#..........#.......#
#
#.########.#.#####.#
# ###
#.#..<(.#.#######
#####.#...#.#........
#.....#...#.########.
#.#####.#.#.# #.
#.#...#.#.#.# #.


You could see a jelly.

Vanquished Creatures
  2 adders (D:2)
  2 giant geckos
  3 bats
  3 giant cockroaches
  8 goblins
  3 hobgoblins
  2 giant newts
  4 kobolds (D:1)
  3 rats
30 creatures vanquished.

Notes
Turn   | Place    | Note
--------------------------------------------------------------
     0 | D:1      | Mysteryquy the Mummy Necromancer began the quest for the Orb.
     0 | D:1      | Reached XP level 1. HP: 13/13 MP: 3/3
   331 | D:1      | Reached XP level 2. HP: 19/19 MP: 1/5
  1124 | D:2      | Reached XP level 3. HP: 15/24 MP: 0/6
  1623 | D:2      | HP: 1/24 [acid (11)]
  1645 | D:2      | HP: 1/24 [jelly (1)]
  1645 | D:2      | Splashed by a jelly's acid

Action                   || total
-------------------------++-------
Melee: Unarmed           ||     8
 Cast: Pain              ||    58
